 Dungeon Crawl Stone Soup version 0.23.2-33-g5129a83184 (webtiles) character file.

Game seed: 8039199411270169741

105 Aesthetico the Slasher (level 4, 0/36 HPs)
             Began as a Barachi Fighter on July 19, 2019.
             Slain by a goblin (4 damage)
             ... led by Robin
             ... on level 3 of the Dungeon.
             The game lasted 00:05:39 (1711 turns).

Aesthetico the Slasher (Barachi Fighter)            Turns: 1711, Time: 00:05:40

Health: 0/36       AC:  7    Str: 16 (18) XL:     4   Next: 83%
Magic:  4/4        EV:  8    Int: 15 (16) God:
Gold:   61         SH:  8    Dex:  9 (11) Spells: 3/3 levels left

rFire    . . .     SeeInvis .   a - +0 long sword
rCold    . . .     Gourm    .   c - +0 shield
rNeg     . . .     Faith    .   j - +2 ring mail {MR+}
rPois    .         Spirit   .   (no helmet)
rElec    .         Reflect  .   (no cloak)
rCorr    .         Harm     .   (no gloves)
MR       +....                  (no boots)
Stlth    ..........             (no amulet)
HPRegen  0.12/turn              l - +4 ring of intelligence
MPRegen  0.09/turn              o - +3 ring of intelligence

@: slow
A: +LOS, swims, slowness 1, strong legs 1
a: Hop


You were on level 3 of the Dungeon.
You were not hungry.

You visited 1 branch of the dungeon, and saw 3 of its levels.

You collected 61 gold pieces.

Inventory:

Hand Weapons
 a - a +0 long sword (weapon)
 g - a +0 blowgun
Missiles
 p - 13 poisoned needles
Armour
 c - a +0 shield (worn)
 j - a +2 ring mail of magic resistance (worn)
Jewellery
 b - an uncursed ring of stealth
 k - an uncursed ring of stealth
 l - a +4 ring of intelligence (left hand)
 o - a +3 ring of intelligence (right hand)
Wands
 i - a wand of disintegration (16)
Scrolls
 e - 3 scrolls of identify {unknown}
 h - 2 scrolls of remove curse {unknown}
 m - a scroll of amnesia {unknown}
 n - a scroll of fear {unknown}
Potions
 d - 2 potions of might
Comestibles
 f - 3 rations
 q - 2 chunks of flesh


   Skills:
 - Level 3.6 Fighting
 + Level 5.9 Long Blades
 - Level 3.6 Armour
 - Level 3.2 Shields


You had 3 spell levels left.
You didn't know any spells.
Your spell library was empty.

Dungeon Overview and Level Annotations

Branches:
Dungeon (3/15)

Altars:
Okawaru

Annotations:
D:3 Robin


Innate Abilities, Weirdness & Mutations

Shadows flee at your approach. (+LOS)
You can swim through water.
You cover ground slowly.
You can hop short distances.


Message History

The goblin no longer looks unusually strong.
The hobgoblin no longer looks unusually strong.
The goblin hits you with a +0 dagger.
* * * LOW HITPOINT WARNING * * *
Robin throws the goblin at you!
* * * LOW HITPOINT WARNING * * *
The goblin hits you.
* * * LOW HITPOINT WARNING * * *
The goblin no longer looks unusually strong.
The goblin unwields a +0 dagger.
The goblin wields a +0 hunting sling.
The goblin shoots a stone.
You block the stone. Robin throws the goblin at you!
You block the goblin's attack. The goblin hits you.
* * * LOW HITPOINT WARNING * * *
You see here a stone.
The goblin misses you. The goblin barely misses you.
You block the goblin's attack.
Robin roars a battlecry!
The goblins go into a battle-frenzy!
The goblin hits you.
You die...

...... .......
....### ### #.†.###
≈≈≈≈ #.).#
≈≈≈≈≈###..#
≈...).....##########
.............gg....#
..≈≈.....).g.gg@...#
≈≈..≈.......(.g....#
....≈.........g....#
.⌠≈≈...............#
≈≈⌠................#
....≈≈.............#
..≈≈..≈.....)......#
≈≈....≈............#
...≈≈.............#


You could see Robin, a hobgoblin and 5 goblins.

Vanquished Creatures
  3 adders (D:2)
  3 oozes
  A worm (D:2)
  3 leopard geckos
  2 giant cockroaches
  9 goblins
  5 hobgoblins
  4 jackals (D:2)
  3 ball pythons
  6 bats
  7 frilled lizards
  13 kobolds
  A rat (D:2)
60 creatures vanquished.

Notes
Turn   | Place    | Note
-------+----------+-------------------------------------------
     0 | D:1      | Aesthetico the Barachi Fighter began the quest for the Orb.
     0 | D:1      | Reached XP level 1. HP: 18/18 MP: 1/1
    89 | D:1      | Reached skill level 3 in Long Blades
    89 | D:1      | Reached XP level 2. HP: 23/24 MP: 2/2
   162 | D:1      | Reached skill level 4 in Long Blades
   189 | D:1      | Reached XP level 3. HP: 17/29 MP: 3/3
   780 | D:2      | Found an iron altar of Okawaru.
   844 | D:2      | Reached skill level 5 in Long Blades
   885 | D:2      | Reached XP level 4. HP: 20/36 MP: 4/4
  1691 | D:3      | Noticed Robin
  1711 | D:3      | Slain by a goblin

Skill      XL: |  1  2  3 |
---------------+----------+-----
Long Blades    | 3 4 5 |  5.9
Fighting       | |  3.6
Armour         | |  3.6
Shields        | |  3.2

Action                   |  1- 3 |  4- 6 || total
-------------------------+-------+-------++-------
Melee: Long sword        |   141 |    61 ||   202
  Use: Scroll            |     1 |       ||     1
       Potion            |     5 |       ||     5
  Eat: Chunk             |     1 |     3 ||     4
Armor: Scale mail        |     8 |       ||     8
       Ring mail         |    53 |    30 ||    83
       Skin              |     1 |       ||     1
Dodge: Dodged            |    42 |    20 ||    62
Block: Shield            |    71 |    40 ||   111
       Rpst.: Long sword |    14 |     4 ||    18
